 Dungeon Crawl Stone Soup version 0.30-a0-691-g754fce4c43 (webtiles) character file.

Game seed: 10987598525054357256

321166 Ijustatesigmund the Warrior (level 21, -10/173 HPs)
             Began as a Barachi Ice Elementalist on Jan 16, 2023.
             Was the Champion of Cheibriados.
             Killed from afar by a deep elf high priest (27 damage)
             ... with damnation
             ... on level 4 of the Vaults on Jan 19, 2023.
             The game lasted 04:02:13 (58293 turns).

Ijustatesigmund the Warrior (BaIE)                 Turns: 58293, Time: 04:02:13

Health: -10/173    AC: 31    Str: 32    XL:     21   Next: 52%
Magic:  11/41      EV: 25    Int: 42    God:    Cheibriados [******]
Gold:   2110       SH: 11    Dex: 32    Spells: 19/52 levels left

rFire   + . .      SeeInvis +    c - +1 falchion of the Foremost Bones {flame, +Blink Dex+3 Stlth+}
rCold   + + +      Faith    .    o - +3 warlock's mirror {omnireflect}
rNeg    . . .      Spirit   .    K - +6 scale mail of Mofakk {rElec rC+ Str+4}
rPois   .          Reflect  +    s - +2 helmet {Int+3}
rElec   +          Harm     .    p - scarf {rC+ rF+}
rCorr   .          Rampage  .    f - +2 pair of gloves
Will    +++..                    J - +4 pair of boots "Cisaohiasch" {rElec Will++ SInv Stlth+}
Stlth   ++++                     j - amulet of Mistrust {RegenMP Int+2}
HPRegen 0.48/turn                q - ring "Niaqy" {rC+ AC+4}
MPRegen 0.67/turn                W - +5 ring of evasion

@: studying Necromancy, very slow
A: amphibious, slowness 1, strong legs 2, +LOS
}: 2/15 runes: serpentine, barnacled
a: Hop, Renounce Religion, Evoke Blink, Bend Time, Temporal Distortion, Slouch,
Step From Time


You were on level 4 of the Vaults.
You worshipped Cheibriados.
Cheibriados was exalted by your worship.
You visited 7 branches of the dungeon, and saw 35 of its levels.
You visited 1 bazaar.
You also visited: Bailey, Gauntlet and Ice Cave.

You collected 4038 gold pieces.
You spent 1928 gold pieces at shops.

Inventory:

Hand Weapons
 c - the +1 falchion of the Foremost Bones (weapon) {flame, +Blink Dex+3 Stlth+}
   (You found it on level 2 of the Dungeon)

   Dex:       It affects your dexterity (+3).
   +Blink:    It lets you blink.
   Stlth:     It makes you more stealthy.
 m - a +2 scimitar of holy wrath
Armour
 a - a +2 troll leather armour
 f - a +2 pair of gloves (worn)
 o - the +3 warlock's mirror (worn) {omnireflect}
   (You acquired it on level 3 of the Snake Pit)

   Omnireflect: It can block and reflect piercing ranged attacks and magical
   attacks against the wielder's willpower.
 p - a scarf of resistance (worn)
 s - a +2 helmet of intelligence (worn)
 J - the +4 pair of boots "Cisaohiasch" (worn) {rElec Will++ SInv Stlth+}
   (You bought it in a shop in a bazaar)

   rElec:     It insulates you from electricity.
   SInv:      It lets you see invisible.
   Will:      It greatly increases your willpower.
   Stlth:     It makes you more stealthy.
 K - the +6 scale mail of Mofakk (worn) {rElec rC+ Str+4}
   (You found it on level 4 of the Dungeon)

   Str:       It affects your strength (+4).
   rC:        It protects you from cold.
   rElec:     It insulates you from electricity.
Magical Staves
 Y - a staff of cold
Jewellery
 e - a ring of willpower
 g - a ring of wizardry
 j - the amulet of Mistrust (around neck) {RegenMP Int+2}
   (You found it in an ice cave)

   [amulet of magic regeneration]

   It increases your rate of magic regeneration.
   Int:       It affects your intelligence (+2).
 n - the amulet of Hexoqec {Reflect Will+ Int+4 SH+5}
   (You found it in an ice cave)

   [amulet of reflection]

   It reflects blocked missile attacks.
   Int:       It affects your intelligence (+4).
   SH:        It affects your SH (+5).
   Will:      It increases your willpower.
 q - the ring "Niaqy" (left hand) {rC+ AC+4}
   (You found it on level 15 of the Dungeon)

   [ring of protection]

   AC:        It affects your AC (+4).
   rC:        It protects you from cold.
 E - the ring "Wevolufi" {Fly Str+2 Int+6}
   (You took it off a merfolk impaler on level 4 of the Shoals)

   [ring of flight]

   Str:       It affects your strength (+2).
   Int:       It affects your intelligence (+6).
   Fly:       It grants you flight.
 H - a ring of positive energy
 Q - a ring of resist corrosion
 W - a +5 ring of evasion (right hand)
Wands
 i - a wand of acid (6)
 x - a wand of iceblast (15)
 y - a wand of mindburst (7)
 B - a wand of flame (17)
 O - a wand of charming (12)
Scrolls
 k - 4 scrolls of amnesia
 t - 7 scrolls of enchant weapon
 v - 2 scrolls of blinking
 w - 8 scrolls of fog
 F - 6 scrolls of enchant armour
 G - 19 scrolls of identify
 I - 6 scrolls of silence
 L - 2 scrolls of poison
 N - 6 scrolls of fear
 P - a scroll of magic mapping
 V - 4 scrolls of butterflies
 X - a scroll of brand weapon
Potions
 b - a potion of magic
 d - 8 potions of curing
 l - 5 potions of mutation
 r - 7 potions of brilliance
 u - a potion of resistance
 z - 3 potions of lignification
 A - 5 potions of flight
 C - 3 potions of might
 D - 2 potions of cancellation
 M - 6 potions of ambrosia
 S - 3 potions of attraction
 T - a potion of berserk rage
 U - 2 potions of heal wounds
 Z - a potion of invisibility
Miscellaneous
 R - a phial of floods


   Skills:
 - Level 16.8 Fighting
 - Level 13.7 Long Blades
 - Level 10.0 Armour
 - Level 8.8 Dodging
 - Level 1.7 Stealth
 - Level 5.9 Shields
 + Level 16.4 Spellcasting
 - Level 11.5 Conjurations
 - Level 7.7 Summonings
 + Level 15.8 Necromancy
 - Level 4.0 Translocations
 - Level 11.2 Ice Magic
 - Level 3.5 Air Magic
 + Level 12.8 Earth Magic
 - Level 3.6 Poison Magic
 - Level 12.6 Invocations
 - Level 7.6 Evocations


You had 19 spell levels left.
You knew the following spells:

 Your Spells              Type           Power      Damage    Failure   Level
a - Freeze                Ice            100%       1d10      1%          1
b - Frozen Ramparts       Ice            100%       1d16      1%          3
c - Ozocubu's Armour      Ice            92%        N/A       1%          3
d - Summon Ice Beast      Ice/Summ       85%        N/A       1%          4
e - Mephitic Cloud        Conj/Pois/Air  72%        N/A       1%          3
f - Dispel Undead         Necr           100%       3d31      1%          4
h - Blink                 Tloc           100%       N/A       1%          2
i - Lesser Beckoning      Tloc           100%       N/A       1%          2
j - Iron Shot             Conj/Erth      47%        9d9       1%          6
k - Borgnjor's Vile Clut  Necr/Erth      50%        N/A       1%          5

Your spell library contained the following spells:

 Spells                   Type           Power      Damage    Failure   Level
 Magic Dart               Conj           100%       1d8       0%          1
 Vampiric Draining        Necr           100%       2d13      0%          3
 Shock                    Conj/Air       100%       1d9       1%          1
 Slow                     Hex            100%       N/A       1%          1
 Summon Small Mammal      Summ           100%       N/A       1%          1
 Call Imp                 Summ           79%        N/A       1%          2
 Cigotuvi's Dreadful Rot  Necr/Pois/Air  100%       N/A       1%          2
 Momentum Strike          Conj/Tloc      100%       3d10      1%          2
 Passwall                 Tmut/Erth      60%        N/A       1%          2
 Poisonous Vapours        Pois/Air       100%       N/A       1%          2
 Searing Ray              Conj           100%       2d8       1%          2
 Static Discharge         Conj/Air       100%       2-7/arc   1%          2
 Call Canine Familiar     Summ           79%        N/A       1%          3
 Gell's Gravitas          Tloc           62%        N/A       1%          3
 Stone Arrow              Conj/Erth      100%       3d13      1%          3
 Summon Guardian Golem    Hex/Summ       61%        N/A       1%          3
 Swiftness                Air            59%        N/A       1%          3
 Teleport Other           Tloc           62%        N/A       1%          3
 Vhi's Electric Charge    Tloc/Air       100%       N/A       1%          3
 Animate Armour           Summ/Erth      100%       N/A       1%          4
 Animate Dead             Necr           100%       N/A       1%          4
 Fulminant Prism          Conj/Hex       35%        3d17      1%          4
 Ice Form                 Ice/Tmut       69%        N/A       1%          4
 Leda's Liquefaction      Hex/Erth       36%        N/A       1%          4
 Iskenderun's Battlesphe  Conj           93%        2d14      1%          5
 Death Channel            Necr           53%        N/A       1%          6
 Simulacrum               Ice/Necr       49%        N/A       1%          6
 Portal Projectile        Hex/Tloc       100%       N/A       2%          3
 Arcjolt                  Conj/Air       39%        1d49      2%          5
 Lightning Bolt           Conj/Air       39%        1d57      2%          5
 Manifold Assault         Tloc           62%        N/A       3%          4
 Passage of Golubria      Tloc           62%        N/A       3%          4
 Airstrike                Air            29%        2d(5-21)  4%          4
 Fireball                 Conj/Fire      35%        3d15      4%          5
 Summon Forest            Summ/Tloc      35%        N/A       4%          5
 Confusing Touch          Hex            34%        N/A       5%          3
 Tukima's Dance           Hex            34%        N/A       5%          3
 Summon Mana Viper        Hex/Summ       61%        N/A       10%         5
 Conjure Ball Lightning   Conj/Air       39%        3x3d13    12%         6
 Summon Cactus Giant      Summ           39%        N/A       12%         6
 Haunt                    Necr/Summ      46%        N/A       12%         7
 Orb of Destruction       Conj           46%        9d12      14%         7
 Infestation              Necr           53%        N/A       17%         8
 Alistair's Intoxication  Tmut/Pois      32%        N/A       24%         5
 Blade Hands              Tmut           17%        N/A       45%         5
 Yara's Violent Unravell  Hex/Tmut       17%        3d8       45%         5
 Monstrous Menagerie      Summ           39%        N/A       54%         7
 Lehudib's Crystal Spear  Conj/Erth      47%        10d11     61%         8
 Enfeeble                 Hex            17%        N/A       100%        7
 Storm Form               Tmut/Air       24%        N/A       100%        7


Dungeon Overview and Level Annotations

Branches:
Dungeon (15/15)            Temple (1/1) D:7            Lair (5/5) D:9
 Shoals (4/4) Lair:2        Snake (4/4) Lair:3        Slime (0/5) Lair:4
    Orc (2/2) D:11            Elf (0/3) Orc:2        Vaults (4/5) D:14
  Crypt (0/3) Vaults:2     Depths (0/4) D:15         Bailey (visited)
  IceCv (visited)         Gauntlet (visited)

Altars:
Ashenzari
Cheibriados
Dithmenos
Elyvilon
Fedhas
Gozag
Hepliaklqana
Kikubaaqudgha
Makhleb
Nemelex Xobeh
Okawaru
Qazlal
Ru
Sif Muna
Trog
Uskayaw
Vehumet
Wu Jian
Xom
Yredelemnul
Zin
The Shining One
Jiyva

Shops:
D:3 *   D:5 [   Orc:2 (:*[   Shoals:3 (   Snake:1 *   Vaults:3 *

Annotations:
D:10 1 runed translucent door, Kis's ghost, journeyman OpBr
Lair:1 2 transporters, Ceschuni's ghost, novice GrEE
Lair:4 1 runed translucent door, Morbidden's ghost, journeyman TrEE


Innate Abilities, Weirdness & Mutations

You are amphibious.
You cover ground slowly.
You can hop long distances.
You have an extended range of vision and can be seen from far away.


Message History

The vault sentinel struggles to escape constriction.
Aiming: Mindburst
Press: ? - help, Shift-Dir - straight line, f/p - vault sentinel
Aim: a vault sentinel, wielding a +0 long sword and wearing a +0 ring mail (lightly wounded, constricted by zombie hands, chance to affect: 74%)
The vault sentinel's mind is blasted!!
The zombie hands constrict the vault sentinel!
The vault sentinel blows a loud note on a signal horn!
You hear a shout! x4
Aiming: Mindburst
Press: ? - help, Shift-Dir - straight line, f/p - vault sentinel
Aim: a vault sentinel, wielding a +0 long sword and wearing a +0 ring mail (almost dead, catching its breath, constricted by zombie hands, chance to affect: 74%)
The vault sentinel's mind is blasted!!
You blow up the vault sentinel!
Cheibriados appreciates the change of pace.
A yaktaur comes into view.
The yaktaur wields a +0 arbalest.
The yaktaur shoots a bolt.
The bolt hits you!!
* * * LOW HITPOINT WARNING * * *
The yaktaur shoots a bolt.
The bolt closely misses you.
You see here a +0 hand axe.
Aiming: Mindburst
Press: ? - help, Shift-Dir - straight line, f - yaktaur
Aim: a yaktaur, wielding a +0 arbalest (chance to affect: 74%)
The yaktaur's mind is blasted!!
The yaktaur shoots a bolt.
The bolt hits you!!
* * * LOW HITPOINT WARNING * * *
Aiming: Mindburst
Press: ? - help, Shift-Dir - straight line, f/p - yaktaur
Aim: a yaktaur, wielding a +0 arbalest (severely wounded, chance to affect: 74%)
The yaktaur struggles to resist.
The yaktaur shoots a bolt.
The bolt barely misses you.
Okay, then.
Activating: Slouch (1% risk of failure)
Press: ? - help, Dir - look around, f - activate You can feel time thicken for a moment.
You kill the yaktaur!
Cheibriados thoroughly appreciates the change of pace.
A deep elf high priest comes into view. It is wielding a +0 scimitar.
The deep elf high priest calls down the wrath of its god upon you.
The sphere of damnation explodes!
The damnation engulfs you!!
You die...

#.........#
#.........#
#)........#
#)........#
#)).......'.
#))).c...p#.
#)).).....#
###########e#########
#....@.)....#
#...........#
#####...##### ..
#..^#.).#...# #....
.... #...+)..#...#
#....
.p....#...#)..#...#
#....
......'..p#.[)#...#
#....
......#.p.#...#...#
#.... .....
#####...#'### #....


You could see a deep elf high priest.

Vanquished Creatures
  Bai Suzhen (Snake:3)
  Boris (Vaults:3)
  Frederick (Vaults:3)
  Sojobo (Vaults:4)
  2 liches (D:15)
  3 sphinxes
  Polyphemus (Shoals:2)
  A shadow dragon (Vaults:4)
  2 tengu reavers (Vaults:4)
  2 storm dragons
  Donald (Snake:1)
  A storm dragon (shapeshifter) (Vaults:4)
  2 nagarajas
  7 vault wardens
  A draconian knight (IceCv)
  Aizul (Vaults:3)
  The ghost of Jaorgh the Quickloader, a journeyman GnHu of Hepliaklqana (D:15)
  2 war gargoyles
  3 orc warlords
  A stone giant (Vaults:3)
  9 ironbound preservers
  2 very ugly things (Vaults:3)
  A minotaur (Gauntlet)
  7 dire elephants
  The ghost of Xirch the Thaumaturge, a journeyman GnFE of Cheibriados (D:15)
  3 ironbound thunderhulks
  5 white draconians (IceCv)
  10 merfolk impalers
  An ettin (Vaults:3)
  6 merfolk javelineers
  A deep elf high priest (Vaults:3)
  A fire dragon (Lair:5)
  4 great orbs of eyes
  4 entropy weavers
  5 hydras
  A peacekeeper (Vaults:3)
  9 yaktaur captains
  8 vault guards
  2 salamander tyrants (Snake:4)
  The ghost of Yxtef the Carver, a journeyman DsFi of Okawaru (D:15)
  6 ogre magi
  4 catoblepae
  2 merfolk avatars
  16 centaur warriors
  3 ironbound frosthearts
  6 boulder beetles
  13 anacondas
  5 merfolk aquamancers
  2 satyrs
  A tengu warrior (D:13)
  An alligator snapping turtle (Shoals:1)
  Urug (Lair:1)
  30 two-headed ogres
  3 death yaks
  21 naga sharpshooters
  10 naga warriors
  7 shock serpents
  The ghost of degerharde the Cleaver, a novice MiFi of Okawaru (D:6)
  4 salamander mystics (Snake:4)
  A fire crab (Gauntlet)
  8 skeletal warriors
  6 sea snakes
  17 deep trolls
  A swamp dragon (shapeshifter) (D:14)
  An orange crystal statue (IceCv)
  3 naga ritualists
  21 harpies
  9 lindwurms
  6 orc knights
  18 ironbound convokers
  5 wizards
  2 phantasmal warriors
  3 necromancers
  Pikel (D:7)
  A lindwurm (shapeshifter) (Vaults:1)
  16 mana vipers
  A deep elf pyromancer (D:13)
  A wolf spider (D:15)
  11 manticores
  13 ugly things
  7 cyclopes
  6 fauns
  A stone giant zombie (Vaults:2)
  An oklob plant (Lair:3)
  A shadow dragon skeleton (Vaults:4)
  3 orc sorcerers (Orc:2)
  11 salamanders
  10 elephants (Lair:5)
  5 guardian serpents
  40 black mambas
  17 vault sentinels
  5 merfolk sirens
  10 naga magi
  2 molten gargoyles (Lair:5)
  3 storm dragon simulacra (IceCv)
  5 water nymphs
  Joseph (D:7)
  4 torpor snails
  A gargoyle (D:13)
  6 cane toads
  A yaktaur zombie (Vaults:4)
  2 rime drakes
  A kobold demonologist (D:8)
  2 efreet
  11 komodo dragons
  A tengu conjurer (D:13)
  2 freezing wraiths
  35 yaktaurs
  A queen bee (D:13)
  28 merfolk
  6 golden dragon simulacra (IceCv)
  9 polar bears
  3 trolls
  A meliai (shapeshifter) (D:15)
  3 meliai (D:13)
  10 wind drakes
  3 hornets (Gauntlet)
  2 dream sheep (Shoals:3)
  3 snapping turtles
  2 ettin zombies (Vaults:4)
  24 slime creatures
  15 blink frogs
  2 jumping spiders
  A culicivora (Vaults:2)
  3 large abominations (Gauntlet)
  A shadow (D:11)
  10 air elementals (Shoals:4)
  11 wyverns
  6 basilisks
  20 water elementals
  6 fire bats (Gauntlet)
  3 wraiths (D:12)
  Grum (D:8)
  65 yaks
  A yak (shapeshifter) (D:14)
  3 steam dragons
  5 vampire mosquitoes (D:12)
  4 redbacks
  A two-headed ogre zombie (D:9)
  35 nagas
  2 wargs
  4 hell hounds
  3 acid dragons
  19 water moccasins
  34 orc warriors
  2 sky beasts
  7 ice dragon simulacra (IceCv)
  46 ogres
  4 ice beasts
  13 centaurs
  5 boggarts (Vaults:3)
  19 wolves
  A phantom (D:6)
  3 human skeletons (Vaults:2)
  4 kobold brigands
  5 small abominations (Gauntlet)
  11 bullfrogs
  A necrophage (D:8)
  2 gnoll sergeants (D:6)
  3 scorpions
  15 wights
  33 killer bees
  5 lindwurm simulacra (IceCv)
  6 howler monkeys
  A nameless horror (D:7)
  An electric eel (Lair:4)
  5 lava snakes (Lair:5)
  5 hounds
  22 orc priests
  A human simulacrum (Vaults:3)
  3 jellies
  A gnoll bouda (D:6)
  9 iguanas
  18 orc wizards
  Natasha (thrice) (D:2)
  13 adders
  13 gnolls
  2 shadow imps
  5 white imps
  An ufetubus (Vaults:3)
  2 dart slugs (D:2)
  102 orcs
  7 ball pythons
  8 bats
  8 endoplasms
  2 giant cockroaches
  10 goblins
  8 hobgoblins
  7 jackals
  A quokka (D:4)
  3 training dummies (Shoals:3)
  3 frilled lizards
  16 kobolds
  8 rats
  A bush (Lair:3)
1415 creatures vanquished.

Vanquished Creatures (collateral kills)
  A nagaraja (Snake:2)
  An ironbound thunderhulk (Vaults:2)
  2 merfolk avatars (Shoals:4)
  A merfolk aquamancer (Shoals:2)
  A two-headed ogre (D:8)
  A naga warrior (Snake:4)
  A death yak (Shoals:2)
  A shock serpent (Snake:3)
  A salamander mystic (Snake:4)
  A naga ritualist (Snake:4)
  3 deep trolls (Vaults:1)
  A sea snake (Shoals:1)
  A harpy (Shoals:2)
  3 mana vipers
  2 salamanders (Snake:3)
  A faun (Shoals:2)
  4 black mambas
  2 naga magi (Snake:1)
  3 merfolk sirens
  3 water nymphs (Shoals:4)
  A troll (D:14)
  7 merfolk
  2 snapping turtles
  2 wind drakes (Shoals:4)
  2 dream sheep (Shoals:3)
  3 air elementals (Shoals:4)
  2 water elementals (Shoals:4)
  A steam dragon (D:7)
  4 nagas
  2 orc warriors
  A black bear (D:8)
  An ogre (Orc:2)
  A bullfrog (D:8)
  A wight (D:8)
  2 orc priests (Orc:2)
  An orc wizard (D:8)
  5 orcs (Orc:2)
72 creatures vanquished.

Vanquished Creatures (others)
  A tengu reaver (Vaults:4)
  A merfolk impaler (Shoals:4)
  A yaktaur captain (Vaults:4)
  A boulder beetle (D:14)
  A two-headed ogre (Orc:2)
  An anaconda (Snake:4)
  A naga mage (Snake:4)
  A black mamba (Snake:3)
  A yaktaur (Vaults:4)
  A merfolk (Shoals:2)
  2 slime creatures
  A water elemental (Shoals:2)
  A steam dragon (D:8)
  2 orc warriors (Orc:2)
  An ice beast (D:8)
  2 wolves (D:8)
  A kobold brigand (D:8)
  2 bushes (Lair:5)
  17 demonic plants (Gauntlet)
  20 fungi
  86 plants
145 creatures vanquished.

Grand Total: 1632 creatures vanquished

Notes
Turn   | Place    | Note
-------+----------+-------------------------------------------
     0 | D:1      | Ijustatesigmund the Barachi Ice Elementalist began the
                  | quest for the Orb.
     0 | D:1      | Reached XP level 1. HP: 13/13 MP: 3/3
    99 | D:1      | Reached skill level 1 in Fighting
    99 | D:1      | Reached skill level 5 in Ice Magic
   170 | D:1      | Reached XP level 2. HP: 19/21 MP: 3/5
   344 | D:1      | Found a faded altar of an unknown god.
   577 | D:1      | Reached XP level 3. HP: 27/27 MP: 3/6
   790 | D:2      | Learned a level 3 spell: Frozen Ramparts
  1093 | D:2      | Noticed Natasha
  1104 | D:2      | Killed Natasha
  1105 | D:2      | Reached skill level 1 in Armour
  1105 | D:2      | Reached XP level 4. HP: 29/33 MP: 3/7
  1143 | D:2      | Noticed Natasha
  1155 | D:2      | Killed Natasha
  1192 | D:2      | Noticed Natasha
  1202 | D:2      | Killed Natasha
  1203 | D:2      | Reached XP level 5. HP: 38/38 MP: 5/9
  2195 | D:2      | Identified the +1 falchion of the Foremost Bones {flame,
                  | +Blink Dex+3 Stlth+}
  2668 | D:3      | Reached skill level 1 in Long Blades
  2797 | D:3      | Reached XP level 6. HP: 46/46 MP: 7/11
  3148 | D:3      | Found Lutuik's General Store.
  3160 | D:3      | Bought a scroll of identify for 20 gold pieces
  3160 | D:3      | Bought a potion of heal wounds for 50 gold pieces
  3376 | D:3      | Learned a level 3 spell: Ozocubu's Armour
  3566 | D:4      | Identified the +6 scale mail of Mofakk {rElec rC+ Str+4}
  3646 | D:4      | Noticed a sky beast
  3651 | D:4      | Killed a sky beast
  3652 | D:4      | Reached XP level 7. HP: 47/52 MP: 8/13
  3975 | D:4      | Found an opulent altar of Gozag.
  3980 | D:4      | Found a hazy altar of Hepliaklqana.
  4192 | D:4      | Found a basalt altar of Yredelemnul.
  4192 | D:4      | Found a sparkling altar of Nemelex Xobeh.
  4192 | D:4      | Found a glowing golden altar of the Shining One.
  4194 | D:4      | Found an iron altar of Okawaru.
  4195 | D:4      | Found a hide-covered altar of Uskayaw.
  4196 | D:4      | Found a radiant altar of Vehumet.
  4198 | D:4      | Found a shadowy altar of Dithmenos.
  4311 | D:5      | Entered Level 5 of the Dungeon
  4311 | D:5      | Found Lysch's Antique Armour Shop.
  4390 | D:5      | Learned a level 4 spell: Summon Ice Beast
  4478 | D:5      | Reached skill level 1 in Summonings
  4674 | D:5      | Reached XP level 8. HP: 50/61 MP: 12/14
  4977 | D:5      | Noticed a yak
  4977 | D:5      | Noticed a yak
  4978 | D:5      | Noticed a yak
  4980 | D:5      | Noticed a yak
  4985 | D:5      | Noticed a yak
  4989 | D:5      | Killed a yak
  4990 | D:5      | Reached skill level 5 in Fighting
  4992 | D:5      | Killed a yak
  4992 | D:5      | Killed a yak
  4993 | D:5      | Reached skill level 5 in Long Blades
  4994 | D:5      | Killed a yak
  4999 | D:5      | Killed a yak
  5000 | D:5      | Reached XP level 9. HP: 44/69 MP: 15/15
  5041 | D:5      | Found a glowing silver altar of Zin.
  5262 | D:6      | Reached skill level 5 in Summonings
  5436 | D:6      | Reached skill level 1 in Evocations
  5709 | D:6      | Identified the +1 scale mail of Hynywug {rElec}
  5709 | D:6      | Identified the +2 buckler of Death Resistance {rPois rF+
                  | rC- Slay+4}
  5722 | D:6      | Found a transporter.
  5724 | D:6      | Found a transporter.
  5739 | D:6      | Noticed degerharde's ghost (novice MiFi)
  6229 | D:7      | Found a burning altar of Makhleb.
  6229 | D:7      | Noticed Pikel
  6237 | D:7      | Killed Pikel
  6238 | D:7      | Reached XP level 10. HP: 71/79 MP: 13/16
  6251 | D:7      | Found a staircase to the Ecumenical Temple.
  6458 | D:7      | Noticed Joseph
  6483 | D:7      | Killed Joseph
  7001 | D:7      | Found an ancient bone altar of Kikubaaqudgha.
  7152 | D:7      | Reached skill level 10 in Ice Magic
  7972 | D:8      | Noticed a kobold demonologist
  7981 | D:8      | Killed a kobold demonologist
  7982 | D:8      | Reached skill level 5 in Armour
  7986 | D:8      | Noticed a two-headed ogre
  8005 | D:8      | Killed a two-headed ogre
  8006 | D:8      | Reached skill level 5 in Dodging
  8065 | D:8      | Reached XP level 11. HP: 84/84 MP: 17/17
  8466 | D:8      | Noticed a two-headed ogre
  8476 | D:8      | Killed a two-headed ogre
  8633 | D:8      | Noticed Grum
  8769 | D:8      | Killed Grum
  8770 | D:8      | Reached skill level 5 in Spellcasting
  8891 | D:8      | Found a broken altar of Ashenzari.
  9144 | D:6      | Killed degerharde's ghost
  9358 | Temple   | Entered the Ecumenical Temple
  9636 | Temple   | Became a worshipper of Cheibriados the Contemplative
  9801 | D:9      | Noticed a two-headed ogre
  9813 | D:9      | Killed a two-headed ogre
  9814 | D:9      | Reached skill level 1 in Invocations
  9867 | D:9      | Reached * piety under Cheibriados
  9911 | D:9      | Found a flagged portal.
  9933 | Bailey   | Entered a bailey
 10081 | Bailey   | Reached ** piety under Cheibriados
 10135 | Bailey   | Identified the +9 shortbow of the Keeping Messenger {drain,
                  | rElec rCorr Int-4 Dex+3}
 10318 | Bailey   | Learned a level 3 spell: Mephitic Cloud
 10613 | D:9      | Noticed a two-headed ogre
 10614 | D:9      | Noticed a two-headed ogre
 10621 | D:9      | Reached XP level 12. HP: 92/92 MP: 19/21
 10625 | D:9      | Killed a two-headed ogre
 10626 | D:9      | Reached skill level 1 in Conjurations
 10626 | D:9      | Reached skill level 1 in Air Magic
 10626 | D:9      | Reached skill level 1 in Poison Magic
 10627 | D:9      | Noticed a two-headed ogre
 10628 | D:9      | Killed a two-headed ogre
 10641 | D:9      | Killed a two-headed ogre
 10649 | D:9      | Noticed a two-headed ogre
 10652 | D:10     | Entered Level 10 of the Dungeon
 10868 | D:9      | Found a staircase to the Lair.
 11041 | D:9      | Killed a two-headed ogre
 11095 | D:9      | Noticed an ogre mage
 11098 | D:9      | Noticed a two-headed ogre
 11106 | D:9      | Noticed a two-headed ogre
 11110 | D:9      | Reached *** piety under Cheibriados
 11112 | D:9      | Killed a two-headed ogre
 11117 | D:9      | Killed a two-headed ogre
 11262 | D:9      | Killed an ogre mage
 11758 | D:10     | Found a runed translucent door.
 11758 | D:10     | Found a shimmering altar of Xom.
 11758 | D:10     | Noticed Kis's ghost (journeyman OpBr)
 12030 | D:10     | Learned a level 4 spell: Dispel Undead
 12257 | D:11     | Found a shimmering blue altar of Sif Muna.
 12371 | D:11     | Noticed a two-headed ogre
 12378 | D:11     | Killed a two-headed ogre
 12379 | D:11     | Reached skill level 1 in Necromancy
 12426 | D:11     | Noticed a two-headed ogre
 12438 | D:11     | Killed a two-headed ogre
 12440 | D:11     | Reached skill level 5 in Invocations
 12489 | D:11     | Reached **** piety under Cheibriados
 12526 | D:11     | Found a staircase to the Orcish Mines.
 13043 | D:12     | Gained mutation: You can hop long distances. [Barachi
                  | growth]
 13043 | D:12     | Reached XP level 13. HP: 96/102 MP: 25/25
 13085 | D:12     | Reached skill level 5 in Necromancy
 14662 | D:13     | Reached ***** piety under Cheibriados
 16129 | D:13     | Found a hazy altar of Hepliaklqana.
 16601 | Lair:1   | Entered Level 1 of the Lair of Beasts
 16601 | Lair:1   | Found a gate leading to a gauntlet.
 16613 | Gauntlet | Entered a Gauntlet
 16613 | Gauntlet | Found a transporter.
 16613 | Gauntlet | Found a transporter.
 16614 | Gauntlet | Found a transporter.
 16614 | Gauntlet | Found a transporter.
 16616 | Gauntlet | Found a transporter.
 16616 | Gauntlet | Found a transporter.
 16649 | Gauntlet | Reached XP level 14. HP: 109/109 MP: 27/27
 16679 | Gauntlet | Found a transporter.
 16679 | Gauntlet | Found a transporter.
 16823 | Gauntlet | Found a transporter.
 16994 | Gauntlet | Identified the +0 hat "Hepeif Miaro" {rN++}
 17004 | Gauntlet | Found a transporter.
 17049 | Gauntlet | Reached skill level 10 in Spellcasting
 17306 | Lair:1   | Upgraded the game from 0.30-a0-643-g638baaf3f0 to
                  | 0.30-a0-651-g0755cc6dcf
 17310 | Lair:1   | Learned a level 3 spell: Stone Arrow
 17579 | Lair:1   | Reached skill level 10 in Fighting
 17690 | Lair:1   | Reached skill level 1 in Earth Magic
 17932 | Lair:1   | Noticed Ceschuni's ghost (novice GrEE)
 17943 | Lair:1   | Found a bloodstained altar of Trog.
 17943 | Lair:1   | Identified the +5 morningstar of World Downfall {pain, rF+
                  | Stlth+}
 17954 | Lair:1   | Found a transporter.
 17954 | Lair:1   | Found a transporter.
 18071 | Lair:1   | Noticed Urug
 18093 | Lair:1   | Killed Urug
 19096 | Lair:2   | Found a staircase to the Shoals.
 19343 | Lair:2   | Reached ****** piety under Cheibriados
 19907 | Lair:3   | Reached skill level 10 in Long Blades
 19971 | Lair:3   | Found a staircase to the Snake Pit.
 20367 | Lair:3   | Reached skill level 5 in Conjurations
 21212 | Lair:4   | Noticed Morbidden's ghost (journeyman TrEE)
 21241 | Lair:4   | Reached skill level 10 in Armour
 21966 | Lair:4   | Found a runed translucent door.
 22617 | Lair:4   | Reached XP level 15. HP: 95/117 MP: 29/29
 22693 | Lair:4   | Reached skill level 5 in Earth Magic
 22992 | Lair:4   | Found a staircase to the Slime Pits.
 22993 | Lair:4   | Found a viscous altar of Jiyva.
 23265 | Lair:5   | Entered Level 5 of the Lair of Beasts
 23557 | Lair:5   | Reached skill level 5 in Evocations
 24242 | Lair:5   | Found a large runed translucent door.
 24242 | Lair:5   | Found a large runed translucent door.
 24364 | Lair:5   | Reached skill level 10 in Invocations
 24858 | Orc:1    | Entered Level 1 of the Orcish Mines
 24858 | Orc:1    | Found a burning altar of Makhleb.
 25220 | Orc:2    | Entered Level 2 of the Orcish Mines
 25284 | Orc:2    | Noticed an orc warlord
 25298 | Orc:2    | Paralysed by an orc sorcerer for 5 turns
 25304 | Orc:2    | Killed an orc warlord
 25657 | Orc:2    | Noticed an orc warlord
 25701 | Orc:2    | Killed an orc warlord
 26063 | Orc:2    | Reached XP level 16. HP: 128/128 MP: 31/31
 26501 | Orc:2    | Found a staircase to the Elven Halls.
 27391 | Orc:2    | Found Tel Wuy's Book Boutique.
 27391 | Orc:2    | Found Zoconkos's Weapon Shoppe.
 27392 | Orc:2    | Found Caexirr's Antique Armour Emporium.
 27392 | Orc:2    | Found Kaydwe's General Store.
 27402 | Orc:2    | Bought a book of Spatial Translocations for 270 gold pieces
 27402 | Orc:2    | Bought a scroll of teleportation for 45 gold pieces
 27402 | Orc:2    | Bought a scroll of teleportation for 45 gold pieces
 27406 | Orc:2    | Learned a level 2 spell: Blink
 27409 | Orc:2    | Learned a level 2 spell: Lesser Beckoning
 27987 | D:14     | Reached skill level 1 in Translocations
 29100 | D:14     | Found a gate to the Vaults.
 29219 | D:15     | Entered Level 15 of the Dungeon
 29805 | D:15     | Found a shimmering altar of Xom.
 30296 | Orc:2    | Bought a book of Iron for 576 gold pieces
 30303 | Orc:2    | Learned a level 6 spell: Iron Shot
 30507 | D:15     | Found a runed translucent gate.
 30507 | D:15     | Found a runed translucent gate.
 30507 | D:15     | Found a runed translucent gate.
 30507 | D:15     | Found an ancient bone altar of Kikubaaqudgha.
 30507 | D:15     | Noticed Xirch's ghost (journeyman GnFE)
 30507 | D:15     | Noticed Jaorgh's ghost (journeyman GnHu)
 30507 | D:15     | Noticed Yxtef's ghost (journeyman DsFi)
 30507 | D:15     | Noticed a lich
 30507 | D:15     | Noticed a lich
 30632 | D:15     | Found a staircase to the Depths.
 30747 | D:15     | Killed Xirch's ghost
 30750 | D:15     | Killed Yxtef's ghost
 30760 | D:15     | Killed a lich
 30764 | D:15     | Killed Jaorgh's ghost
 30805 | D:15     | Killed a lich
 30847 | D:15     | Identified the ring "Niaqy" {rC+ AC+4}
 30868 | D:15     | Identified the +1 pair of boots of Complete Protection
                  | {Rampage Str+7 Int-4 Stlth-}
 31052 | Snake:1  | Entered Level 1 of the Snake Pit
 31130 | Snake:1  | Found Suurgh's General Store.
 31477 | Snake:1  | Identified the +1 cloak of Nommes {rN+}
 31641 | Snake:1  | Noticed Donald
 31658 | Snake:1  | Killed Donald
 33220 | Snake:2  | Noticed a nagaraja
 33238 | Snake:2  | Killed a nagaraja
 33239 | Snake:2  | Reached XP level 17. HP: 124/137 MP: 28/33
 35142 | Snake:3  | Reached skill level 10 in Conjurations
 35214 | Snake:3  | Reached skill level 10 in Earth Magic
 35354 | Snake:3  | Noticed Bai Suzhen
 36097 | Snake:3  | Killed Bai Suzhen
 36359 | Snake:3  | Identified a scroll of acquirement
 36363 | Snake:3  | Acquired the +3 warlock's mirror {omnireflect}
 36363 | Snake:3  | Found the +3 warlock's mirror {omnireflect}
 36513 | Snake:4  | Entered Level 4 of the Snake Pit
 36930 | Snake:4  | Found a radiant altar of Vehumet.
 37747 | Snake:4  | Reached XP level 18. HP: 144/144 MP: 34/34
 38755 | Snake:4  | Acquired the Discursus on Snow and the Fjord
 38765 | Snake:4  | Learned a level 5 spell: Borgnjor's Vile Clutch
 39066 | Snake:4  | Reached skill level 10 in Necromancy
 39119 | Snake:4  | Got a serpentine rune of Zot
 39342 | Shoals:1 | Entered Level 1 of the Shoals
 39406 | Shoals:1 | Found a frozen archway.
 39414 | IceCv    | Entered an ice cave
 40099 | IceCv    | Identified the amulet "Tarchucve" {Harm Regen+ Str+7}
 40101 | IceCv    | Identified the amulet of Hexoqec {Reflect Will+ Int+4 SH+5}
 40108 | IceCv    | Identified the amulet of Mistrust {RegenMP Int+2}
 42361 | Shoals:2 | Reached skill level 15 in Fighting
 42625 | Shoals:2 | Reached XP level 19. HP: 120/155 MP: 8/35
 43811 | Shoals:3 | Noticed Polyphemus
 43845 | Shoals:2 | HP: 5/155 [Polyphemus/large rock (41)]
 44221 | Shoals:2 | Killed Polyphemus
 44755 | Shoals:3 | Found Metsel's Firing Range.
 44957 | Shoals:4 | Entered Level 4 of the Shoals
 45775 | Shoals:4 | Identified the +1 scale mail "Sievif" {Rampage Regen+ Int-4
                  | Dex+4}
 45971 | Shoals:4 | Paralysed by an air elemental for 1 turns
 45979 | Shoals:4 | Identified the ring "Wevolufi" {Fly Str+2 Int+6}
 46043 | Shoals:4 | Upgraded the game from 0.30-a0-651-g0755cc6dcf to
                  | 0.30-a0-691-g754fce4c43
 46155 | Shoals:4 | Paralysed by an air elemental for 1 turns
 46513 | Shoals:4 | Paralysed by an air elemental for 1 turns
 46589 | Shoals:4 | Paralysed by an air elemental for 1 turns
 46658 | Shoals:4 | Paralysed by an air elemental for 1 turns
 46664 | Shoals:4 | Paralysed by an air elemental for 1 turns
 48892 | Shoals:4 | Got the Tome of Dusty Venom
 48894 | Shoals:4 | Got the Opusculum on the Wyrd and Damage
 48896 | Shoals:4 | Got a barnacled rune of Zot
 49537 | Vaults:1 | Entered Level 1 of the Vaults
 49558 | Vaults:1 | Found a flickering gateway to a bazaar.
 49572 | Bazaar   | Entered a bazaar
 49572 | Bazaar   | Found Dinok's General Store.
 49605 | Bazaar   | Found Decal's General Store.
 49619 | Bazaar   | Found Nusec's Antique Weapon Emporium.
 49626 | Bazaar   | Found Jijew's Magic Scroll Shoppe.
 49629 | Bazaar   | Bought a runed scimitar for 147 gold pieces
 49635 | Bazaar   | Found Qimp's Antique Armour Shoppe.
 49638 | Bazaar   | Bought a scroll of teleportation for 27 gold pieces
 49638 | Bazaar   | Bought a scroll of blinking for 67 gold pieces
 49638 | Bazaar   | Bought a scroll of fog for 36 gold pieces
 49645 | Bazaar   | Bought a pair of faintly glowing boots for 228 gold pieces
 49645 | Bazaar   | Identified the +4 pair of boots "Cisaohiasch" {rElec Will++
                  | SInv Stlth+} (You bought it in a shop in a bazaar)
 49657 | Bazaar   | Bought a scroll of silence for 85 gold pieces
 49676 | Bazaar   | Bought a potion of curing for 24 gold pieces
 49676 | Bazaar   | Bought a potion of might for 32 gold pieces
 49676 | Bazaar   | Bought a potion of brilliance for 32 gold pieces
 49676 | Bazaar   | Bought a scroll of silence for 76 gold pieces
 50776 | Vaults:1 | Reached XP level 20. HP: 149/163 MP: 36/38
 52828 | Vaults:2 | Reached skill level 15 in Spellcasting
 52860 | Vaults:2 | You fall into a shaft and drop 1 floor!
 52860 | Vaults:3 | Noticed Boris
 52868 | Vaults:3 | Killed Boris
 53156 | Vaults:3 | Noticed Aizul
 53486 | Vaults:3 | Found Kaecs's General Store.
 53489 | Vaults:3 | Bought a potion of curing for 48 gold pieces
 53489 | Vaults:3 | Bought a scroll of enchant weapon for 120 gold pieces
 53508 | Vaults:2 | Found a staircase to the Crypt.
 54852 | Vaults:3 | Noticed Frederick
 54861 | Vaults:3 | Killed Frederick
 54977 | Vaults:3 | Found a huge runed gate.
 54978 | Vaults:3 | Found a huge runed gate.
 54979 | Vaults:3 | Found a huge runed gate.
 54979 | Vaults:3 | Found a huge runed gate.
 54979 | Vaults:3 | Found a huge runed gate.
 54980 | Vaults:3 | Found a huge runed gate.
 54980 | Vaults:3 | Found a huge runed gate.
 54980 | Vaults:3 | Found a huge runed gate.
 54980 | Vaults:3 | Found a huge runed gate.
 54980 | Vaults:3 | Found a huge runed gate.
 54982 | Vaults:3 | Found a huge runed gate.
 54982 | Vaults:3 | Found a huge runed gate.
 54982 | Vaults:3 | Found a huge runed gate.
 54982 | Vaults:3 | Found a huge runed gate.
 54982 | Vaults:3 | Found a huge runed gate.
 54982 | Vaults:3 | Found a huge runed gate.
 54982 | Vaults:3 | Found a huge runed gate.
 54983 | Vaults:3 | Found a huge runed gate.
 54984 | Vaults:3 | Found a huge runed gate.
 54993 | Vaults:3 | Found a huge runed gate.
 54993 | Vaults:3 | Found a huge runed gate.
 54993 | Vaults:3 | Found a huge runed gate.
 54993 | Vaults:3 | Found a huge runed gate.
 54993 | Vaults:3 | Found a huge runed gate.
 54993 | Vaults:3 | Found a huge runed gate.
 54993 | Vaults:3 | Found a huge runed gate.
 54994 | Vaults:3 | Found a huge runed gate.
 54995 | Vaults:3 | Found a huge runed gate.
 55004 | Vaults:3 | Found a huge runed gate.
 55004 | Vaults:3 | Found a huge runed gate.
 55004 | Vaults:3 | Found a huge runed gate.
 55004 | Vaults:3 | Found a huge runed gate.
 55004 | Vaults:3 | Found a huge runed gate.
 55004 | Vaults:3 | Found a huge runed gate.
 55004 | Vaults:3 | Found a huge runed gate.
 55005 | Vaults:3 | Found a huge runed gate.
 56135 | Vaults:3 | Killed Aizul
 56401 | Vaults:3 | Reached skill level 5 in Shields
 56704 | Vaults:3 | Reached XP level 21. HP: 161/173 MP: 36/40
 57076 | Vaults:4 | Noticed Sojobo
 57089 | Vaults:4 | Paralysed by an air elemental for 1 turns
 57644 | Vaults:4 | Identified the +2 scale mail of Depression {+Inv Str+3}
 57700 | Vaults:4 | Killed Sojobo
 57701 | Vaults:4 | Reached skill level 15 in Necromancy
 58293 | Vaults:4 | Killed from afar by a deep elf high priest

Illustrated notes

Levels and vault maps discovered:
D:1:      dpeg_arrival_short_road, layout_basic, ebering_ecumenical_altar_box
D:2:      layout_basic, minmay_pentomino_s2, uniq_natasha
D:3:      layout_loops_ring, serial_shops, nicolae_shop_window_shopping,
          minmay_box_of_dots
D:4:      layout_rooms, minitemple, kennysheep_decorative_pillar,
          kennysheep_path_1
D:5:      layout_basic, zin_treasury, serial_shops,
          nicolae_shop_advertising_works [nicolae_subvault_shop_adworks]
D:6:      layout_loops_ring, gammafunk_ghost_gnarly_gnolls
D:7:      kennysheep_steamy, layout_basic, bloody_makhleb,
          general_overflow_altar, minmay_temple_entry_slanted,
          grunt_decor_fettered, uniq_joseph, uniq_pikel
D:8:      minmay_imperfect_grid, layout_rooms, mainiacjoe_overflow_alcove_4,
          chequers_serial_rivers_micro_c, small_statue_intersection, uniq_grum
D:9:      lemuel_ogre_cave, layout_irregular_city, minmay_lair_entry_grove,
          enter_bailey_5
D:10:     layout_small_grid, ebering_ghost_xom, hangedman_glass_teeth
D:11:     layout_roguey, orc_0_dummy, nicolae_sif_muna_condensation
D:12:     layout_stronghold
D:13:     layout_roguey [special_room_bee], minmay_crystal_water,
          nicolae_hepliaklqana_hippocampus
D:14:     layout_long_grid, david_vaults_1
D:15:     hangedman_depths_entry_try_elsewhere_first, layout_rooms,
          xom_teletrap_fun, gammafunk_ghost_crypt, serial_bayou_crossing
Temple:   jpeg_temple_island
Lair:1:   layout_regular_city, gauntlet_entry_generic,
          gammafunk_ghost_wrathful_warriors, uniq_urug
Lair:2:   layout_layer_cave, elwin_shoals_entry_rocks, grunt_megastairs_2
Lair:3:   layout_cave_pods, minmay_snake_entry_six_corridors,
          minmay_lair_oklob_items
Lair:4:   nzn_winding_woodlands_large [nzn_winding_woodlands_5x5_closed_star,
          nzn_winding_woodlands_5x15_twine, nzn_winding_woodlands_5x5_open_star,
          nzn_winding_woodlands_center_lodge,
          nzn_winding_woodlands_15x15_eel_pit,
          nzn_winding_woodlands_center_diamonds,
          nzn_winding_woodlands_5x5_cross, nzn_winding_woodlands_5x15_cabin,
          nzn_winding_woodlands_5x5_default], layout_cave_pods,
          nicolae_slime_entry_slimehenge, hellmonk_ghost_happy_afterlife,
          beast_lair_carwin_8
Lair:5:   cheibrodos_lair_end_hotspot, layout_cave_pods,
          pdpol_lair_neglected_garden, cheibrodos_lair_lostbears
Shoals:1: layout_shoals, portal_ice_cave_entry_pillars_four
Shoals:2: layout_shoals
Shoals:3: layout_shoals, nicolae_shop_firing_range, uniq_polyphemus
Shoals:4: shoals_end_hellmonk_storm_palace [storm_palace_center_square,
          storm_palace_corner_pillars, storm_palace_corner_pillars,
          storm_palace_corner_reverse_hut, storm_palace_corner_reverse_hut]
Snake:1:  layout_gridlike, minmay_shop_star, serial_bayou_shore_b,
          nicolae_integral_box, uniq_donald
Snake:2:  layout_layer_cave, drop_trap
Snake:3:  layout_concentric_octagons, uniq_bai_suzhen
Snake:4:  snake_pit_salamanders_mu, layout_onion, basic_altar
Orc:1:    layout_caves, basic_altar, minmay_orc_temple_b
Orc:2:    st_orc_ogre_mass, layout_diamond_mine
Vaults:1: nicolae_vaults_little_squares_6, v_misc_13, serial_ice_b,
          vaults_dpeg_doors, vaults_dpeg_hooks, v_rooms_3, ontoclasm_vaults_eye,
          hangedman_vaults_restitches, nicolae_vaults_network_quinsquares
          [nicolae_vaults_network_quincunx_subvault,
          nicolae_vaults_network_quincunx_subvault,
          nicolae_vaults_network_quincunx_subvault,
          nicolae_vaults_network_quincunx_subvault], vaults_dpeg_cross,
          v_misc_12, vaults_room_fancy_cross, vaults_room_glass_cross,
          layout_vaults_ring, serial_shops, bzr_entry_lakeside
Vaults:2: nicolae_vaults_specimen_jars, v_misc_4, v_alt_pattern_4,
          nicolae_vaults_circle_grid_a, grunt_vaults_trifunnel, v_misc_3,
          v_misc_12, ontoclasm_vaults_loading_screen,
          nicolae_vaults_angled_halls, layout_vaults_omnicross
Vaults:3: hangedman_vaults_nails, nicolae_vaults_little_squares_4,
          nicolae_vaults_shelves_hall, nicolae_vaults_triangles, door_vault,
          ontoclasm_vaults_ring_large, v_alt_pattern_1, grunt_vaults_twisty,
          vaults_room_hallway, serial_ice_b, vaults_room_pools,
          layout_vaults_quadrants, serial_shops, nicolae_shop_behind_doors,
          uniq_boris, uniq_frederick, uniq_aizul
Vaults:4: dpeg_vaults_monster_box, special_room_vaults [special_room_orc],
          v_misc_10, nicolae_vaults_network_quincunx
          [nicolae_vaults_network_quincunx_subvault,
          nicolae_vaults_network_quincunx_subvault,
          nicolae_vaults_network_quincunx_subvault,
          nicolae_vaults_network_quincunx_subvault,
          nicolae_vaults_network_quincunx_subvault], v_alt_pattern_3,
          vaults_room_pools, vaults_room_pool, hangedman_vaults_maws,
          hangedman_vaults_snaps, hangedman_vaults_restitches,
          ontoclasm_vaults_misaligned, ontoclasm_vaults_ring_square,
          layout_vaults_maze_bifur, serial_shops, nicolae_lakefront_shop,
          uniq_sojobo

Skill      XL: |  1  2  3  4  5  6  7  8  9 10 11 12 13 14 15 16 17 18 19 20 21 |
---------------+----------------------------------------------------------------+-----
Fighting       | 1 2 3 4 6 7 8 9 10 12 13 15 16 | 16.8
Ice Magic      | 5 6 7 8 9 10 11 | 11.2
Armour         | 1 2 3 5 8 10 | 10.0
Spellcasting   | 3 4 6 8 9 10 11 12 14 15 16 | 16.4
Long Blades    | 1 2 3 5 7 8 9 10 11 13 | 13.7
Summonings     | 2 4 6 7 |  7.7
Evocations     | 2 4 7 |  7.6
Dodging        | 3 5 8 |  8.8
Shields        | 3 5 |  5.9
Invocations    | 3 5 7 8 10 11 12 | 12.6
Conjurations   | 3 5 7 11 | 11.5
Air Magic      | 3 |  3.5
Poison Magic   | 3 |  3.6
Necromancy     | 4 8 11 14 15 | 15.8
Earth Magic    | 4 6 8 11 12 | 12.8
Translocations | 4 |  4.0
Stealth        | |  1.7

Action                   |  1- 3 |  4- 6 |  7- 9 | 10-12 | 13-15 | 16-18 | 19-21 || total
-------------------------+-------+-------+-------+-------+-------+-------+-------++-------
Melee: Whip              |    10 |       |       |       |       |       |       ||    10
       Punch             |     2 |       |       |     6 |       |       |       ||     8
       Short sword       |     6 |    32 |       |       |       |       |       ||    38
       Falchion          |       |    68 |   159 |   433 |   981 |  1221 |   995 ||  3857
 Cast: Freeze            |    36 |     2 |     2 |       |     9 |     1 |     3 ||    53
       Frozen Ramparts   |     1 |    17 |    26 |    77 |    96 |   134 |    89 ||   440
       Ozocubu's Armour  |       |     1 |    15 |    39 |    64 |    98 |    82 ||   299
       Summon Ice Beast  |       |       |       |     2 |     8 |    64 |    57 ||   131
       Dispel Undead     |       |       |       |       |    21 |    13 |    15 ||    49
       Stone Arrow       |       |       |       |       |     3 |     4 |       ||     7
       Lesser Beckoning  |       |       |       |       |       |   101 |    68 ||   169
       Iron Shot         |       |       |       |       |       |    74 |   223 ||   297
       Borgnjor's Vile C |       |       |       |       |       |     3 |    15 ||    18
Invok: Slouch            |       |       |       |       |     8 |     4 |    10 ||    22
       Step From Time    |       |       |       |       |       |     1 |     1 ||     2
 Abil: Hop               |       |       |       |     5 |    11 |     6 |    11 ||    33
       Evoke Blink       |       |       |       |       |       |       |     2 ||     2
Evoke: Wand              |       |       |     3 |    32 |    37 |    28 |    46 ||   146
       Phial of floods   |       |       |       |       |     1 |       |     1 ||     2
  Use: Scroll            |     1 |     4 |     8 |    16 |     8 |    11 |    18 ||    66
       Potion            |       |       |     1 |     7 |     7 |     8 |    11 ||    34
 Stab: Sleeping          |       |     8 |     3 |     3 |    11 |     4 |     3 ||    32
       Distracted        |       |     1 |       |     1 |     4 |     4 |     5 ||    15
       Invisible         |       |       |       |       |     4 |       |       ||     4
       Petrified         |       |       |       |       |       |     1 |       ||     1
Armor: Robe              |     9 |       |       |       |       |       |       ||     9
       Troll leather arm |     3 |    47 |    39 |   120 |    13 |       |       ||   222
       Scale mail        |       |       |       |       |   446 |   520 |   409 ||  1375
Dodge: Dodged            |    23 |    64 |    74 |   268 |   743 |  1169 |  1078 ||  3419
Block: Buckler           |       |       |       |    54 |   544 |   714 |   703 ||  2015
       Reflection        |       |       |       |       |       |    12 |   127 ||   139

Table legend: (Time is in decaauts)
 A = Elapsed time spent in this place.
 B = Non-inter-level travel time spent in this place.
 C = Inter-level travel time spent in this place.
 D = Time resting spent in this place.
 E = Time spent auto-exploring this place.
 F = Levels seen in this place.
 G = Mean time per level.
                   A        B        C        D        E       F      G
               +--------+--------+--------+--------+--------+-----+--------+
         Total |  83867 |  77810 |   6057 |  21378 |  42484 |  39 | 2150.4 |
       Dungeon |  25910 |  22672 |   3238 |   5199 |  13287 |  15 | 1727.3 |
        Temple |    357 |    278 |     79 |      0 |    271 |   1 |  357.0 |
          Lair |  13178 |  12341 |    837 |   1992 |   8554 |   5 | 2635.6 |
        Shoals |  12014 |  11637 |    377 |   5163 |   4557 |   4 | 3003.5 |
     Snake Pit |  12127 |  11263 |    864 |   3212 |   5987 |   4 | 3031.8 |
  Orcish Mines |   4545 |   4162 |    383 |    936 |   2361 |   2 | 2272.5 |
        Vaults |  12620 |  12343 |    277 |   3664 |   6782 |   4 | 3155.0 |
        Bazaar |    266 |    266 |      0 |     27 |     84 |   1 |  266.0 |
        Bailey |    802 |    802 |      0 |    260 |    266 |   1 |  802.0 |
      Ice Cave |   1250 |   1250 |      0 |    449 |    332 |   1 | 1250.0 |
      Gauntlet |    794 |    794 |      0 |    473 |      0 |   1 |  794.0 |
               +--------+--------+--------+--------+--------+-----+--------+

Top non-repeatable levels by time:
Shoals:4: 4864 daAuts
Vaults:1: 4161 daAuts
Vaults:3: 3985 daAuts
 Snake:4: 3640 daAuts
  Lair:4: 3461 daAuts
Shoals:1: 3329 daAuts
 Snake:2: 3186 daAuts
   Orc:2: 3136 daAuts
 Snake:1: 2963 daAuts
Vaults:2: 2862 daAuts
    D:13: 2785 daAuts
    D:14: 2691 daAuts
  Lair:2: 2610 daAuts
    D:12: 2566 daAuts
  Lair:3: 2490 daAuts
